 Dungeon Crawl Stone Soup version 0.23-a0-378-gd7a6ca6 (console) character file.

623 bli the Fighter (level 7, -21/103 HPs)
             Began as a Merfolk Monk on Oct 27, 2018.
             Was a Follower of Ru.
             Demolished by an ogre
             ... wielding a +0 giant spiked club
              (22 damage)
             ... while paralysed by Grinder
             ... on level 4 of the Dungeon.
             The game lasted 00:20:54 (4916 turns).

bli the Fighter (Merfolk Monk)                      Turns: 4916, Time: 00:20:55

Health: -21/103    AC:  4    Str: 16    XL:     7   Next: 46%
Magic:  8/8        EV:  2    Int: 10    God:    Ru [*.....]
Gold:   156        SH:  0    Dex: 18    Spells: 4/8 levels left

rFire    . . .     SeeInvis .   g - -1 dagger (curse)
rCold    + . .     Gourm    .   (no shield)
rNeg     . . .     Faith    .   b - +1 robe
rPois    .         Spirit   .   (helmet restricted)
rElec    .         Reflect  .   (no cloak)
rCorr    .         Harm     .   (no gloves)
MR       .....                  v - +0 pair of boots
Stlth    ..........             q - amulet of rage
HPRegen  0.27/turn              (no ring)
MPRegen  0.11/turn              (no ring)

@: paralysed, berserking (expiring)
A: change form in water, swift swim, stealthy swim, horns 1, cold resistance 1,
inability to train armour, MP-powered wands
a: Renounce Religion, Evoke Berserk Rage


You were on level 4 of the Dungeon.
You worshipped Ru.
Ru was aware of your devotion.
You were very hungry.

You visited 2 branches of the dungeon, and saw 5 of its levels.

You collected 156 gold pieces.

Inventory:

Hand Weapons
 a - a +0 spear
 g - a cursed -1 dagger (weapon)
 n - a +0 war axe of flaming
 t - a +1 dagger of protection
Missiles
 k - 41 stones (quivered)
 p - 23 arrows
Armour
 b - a +1 robe (worn)
 m - a +0 shield
 v - a +0 pair of boots (worn)
Jewellery
 h - an uncursed amulet of regeneration
 q - an amulet of rage (around neck)
Scrolls
 d - a scroll of enchant armour
 i - 2 scrolls of identify
 j - a scroll of fog
 l - a scroll of magic mapping
 u - a scroll of amnesia
Potions
 e - a potion of agility
 f - a potion of curing
Comestibles
 c - 4 rations
 o - a chunk of flesh


   Skills:
 + Level 11.7 Fighting
 - Level 6.0 Polearms
 * Level 11.3 Dodging
 + Level 3.7 Stealth
 + Level 1.0 Spellcasting
 + Level 1.1 Transmutations
 + Level 0.3 Evocations


You had 4 spell levels left.
You knew the following spells:

 Your Spells              Type           Power        Failure   Level  Hunger
a - Beastly Appendage     Tmut           #.....       22%         1    ##.....
s - Spider Form           Tmut/Pois      #.........   63%         3    ####...

Your spell library contained the following spells:

 Spells                   Type           Power        Failure   Level  Hunger
 Sticks to Snakes         Tmut           #.......     32%         2    ###....
 Ice Form                 Ice/Tmut       #.......     95%         4    #####..
 Blade Hands              Tmut           #.........   99%         5    ######.


Dungeon Overview and Level Annotations

Branches:
Dungeon (4/15)             Temple (1/1) D:4

Altars:
Gozag
Nemelex Xobeh
Ru
Sif Muna
Trog
The Shining One

Annotations:
D:4 Grinder


Innate Abilities, Weirdness & Mutations

You revert to your normal form in water.
You are very nimble and swift while swimming.
You are very stealthy in the water. (Stealth+)
You cannot train Armour skill.
You have a pair of small horns on your head.
Your flesh is cold resistant. (rC+)
You expend magic power (3 MP) to strengthen your wands.


Message History

You barely miss Grinder. You headbutt Grinder!
Grinder is moderately wounded.
Grinder closely misses you. Grinder hits you! The ogre barely misses you.
You closely miss Grinder.
Grinder is moderately wounded.
The ogre completely misses you. Grinder gestures at you.
You suddenly lose the ability to move!
The ogre hits you with a +0 giant spiked club!! x2
* * * LOW HITPOINT WARNING * * *
Grinder gestures at you. Pain shoots through your body!
* * * LOW HITPOINT WARNING * * *
The ogre hits you with a +0 giant spiked club!
* * * LOW HITPOINT WARNING * * *
Grinder hits you.
* * * LOW HITPOINT WARNING * * *
The ogre hits you with a +0 giant spiked club!!
You die...

##..###.......).....
................####
##..###.#######.# # #.
#.# #.# . #. #.#### #.#
#. #. #....# #.# #.##.
####.# #.# ..<>. #.# #.#
#..#######.####.#
..###.%5O.........#.####
......O@...............#
.####.########.##.#..#.#
# #.##.##.#.#
#.##.##.#.# #..........
#รท#####.... #.# ###..
#.# #.. #.# #.. #.# #..
#.#######..


You could see Grinder and 2 ogres.

Vanquished Creatures
  Menkaure (Temple)
  A howler monkey (D:4)
  Natasha (thrice) (D:3)
  7 adders
  An ooze (D:1)
  2 worms (D:2)
  4 dart slugs
  3 leopard geckos
  A giant cockroach (D:2)
  8 hobgoblins
  6 jackals
  7 kobolds
  A quokka (D:3)
  10 bats
  3 frilled lizards
  4 goblins
  A jackal skeleton (D:4)
  10 rats
73 creatures vanquished.

Notes
Turn   | Place    | Note
-------+----------+-------------------------------------------
     0 | D:1      | bli the Merfolk Monk began the quest for the Orb.
     0 | D:1      | Reached XP level 1. HP: 18/18 MP: 1/1
    50 | D:1      | Reached skill level 5 in Polearms
    54 | D:1      | Reached XP level 2. HP: 14/24 MP: 2/2
   677 | D:1      | Reached XP level 3. HP: 25/29 MP: 3/3
  2151 | D:2      | Reached XP level 4. HP: 37/37 MP: 4/4
  2418 | D:3      | Learned a level 1 spell: Beastly Appendage
  2539 | D:3      | Reached skill level 5 in Dodging
  2608 | D:3      | Noticed an ice beast
  2649 | D:3      | Found a bloodstained altar of Trog.
  3513 | D:3      | Reached XP level 5. HP: 28/42 MP: 5/5
  3530 | D:3      | Found a sacrificial altar of Ru.
  3538 | D:3      | Became a worshipper of Ru the Awakened
  3555 | D:3      | Gained mutation: You cannot train Armour skill. [Ru
                  | sacrifice]
  3555 | D:3      | Reached * piety under Ru
  3652 | D:3      | Noticed Natasha
  3676 | D:3      | HP: 1/42 [Natasha/magic dart (6)]
  3682 | D:3      | Gained mutation: You expend magic power (3 MP) to
                  | strengthen your wands. [potion of mutation]
  3682 | D:3      | Gained mutation: You have a pair of large horns on your
                  | head. [potion of mutation]
  3682 | D:3      | Gained mutation: Your flesh is cold resistant. (rC+)
                  | [potion of mutation]
  3684 | D:3      | Killed Natasha
  3694 | D:3      | Learned a level 3 spell: Spider Form
  3755 | D:3      | Noticed Natasha
  3926 | D:3      | Killed Natasha
  3926 | D:3      | Noticed Natasha
  3933 | D:3      | Killed Natasha
  4153 | D:4      | Reached XP level 6. HP: 46/48 MP: 5/7
  4200 | D:4      | Found a staircase to the Ecumenical Temple.
  4263 | D:4      | Noticed Menkaure
  4300 | Temple   | Entered the Ecumenical Temple
  4539 | Temple   | Reached XP level 7. HP: 11/69 MP: 8/8
  4552 | Temple   | Killed Menkaure
  4552 | Temple   | Reached skill level 1 in Spellcasting
  4552 | Temple   | Reached skill level 1 in Transmutations
  4908 | D:4      | Noticed Grinder
  4913 | D:4      | Paralysed by Grinder for 6 turns
  4915 | D:4      | HP: 2/103 [ogre/+0 giant spiked club (8)]
  4916 | D:4      | Demolished by an ogre

Vault maps used:
D:1:      tarquinn_simple_flora_water_b, chequers_serial_rivers_room_b,
          chequers_serial_rivers_micro_a, minmay_crystal_room, dk_noncrumbling_4
D:2:      first_ration, minivault_23
D:3:      nicolae_overflow_crystal_walls, lemuel_crystal_altar,
          lightli_corner_chamber, uniq_natasha
D:4:      fedhas_altar_2, minmay_temple_entry_nine_rooms,
          chequers_decorated_corner, uniq_menkaure, uniq_sigmund, uniq_grinder
Temple:   chequers_temple_sunken

Skill      XL: |  1  2  3  4  5  6  7 |
---------------+----------------------+-----
Polearms       | 5 6 |  6.0
Fighting       | 4 11 | 11.7
Dodging        | 5 6 11 | 11.3
Stealth        | 3 |  3.7
Spellcasting   | 1 |  1.0
Transmutations | 1 |  1.1
Evocations     | |  0.3

Action                   |  1- 3 |  4- 6 |  7- 9 || total
-------------------------+-------+-------+-------++-------
Melee: Spear             |    51 |       |       ||    51
       Dagger            |   208 |   201 |    19 ||   428
       Headbutt          |       |    22 |     4 ||    26
       Tailslap          |       |       |     1 ||     1
Throw: Stone             |     5 |     8 |       ||    13
 Cast: Beastly Appendage |       |     9 |       ||     9
Invok: Sacrifice Durabil |       |     1 |       ||     1
 Abil: Evoke Berserk Rag |       |     1 |     2 ||     3
  Use: Scroll            |     6 |     1 |       ||     7
       Potion            |       |     7 |       ||     7
 Stab: Sleeping          |     7 |    12 |       ||    19
  Eat: Chunk             |     4 |     5 |       ||     9
       Ration            |       |     2 |       ||     2
Armor: Robe              |    32 |    28 |       ||    60
Dodge: Dodged            |   170 |   170 |    16 ||   356

Table legend:
 A = Non-vault XP
 B = Vault XP
 C = Vault XP percentage of total XP
 D = Non-vault monster count
 E = Vault monster count
 F = Vault count percentage of total count
                 A         B        C        D         E       F
            +---------+---------+-------+---------+---------+-------
      Total |     337 |     205 |  37.8 |      71 |       2 |   2.7
            +---------+---------+-------+---------+---------+-------
        D:1 |      44 |       0 |   0.0 |      22 |       0 |   0.0
        D:2 |      65 |       0 |   0.0 |      20 |       0 |   0.0
        D:3 |     157 |      36 |  18.7 |      24 |       1 |   4.0
        D:4 |      71 |       0 |   0.0 |       5 |       0 |   0.0
     Temple |       0 |     169 | 100.0 |       0 |       1 | 100.0
            +---------+---------+-------+---------+---------+-------
